 Dungeon Crawl Stone Soup version 0.18-a0-1797-gc18daef (webtiles) character file.

7655 Zhenya25pyc the Basher (level 11, -9/79 HPs)
             Began as a Gargoyle Fighter on Apr 22, 2016.
             Was a Priest of Okawaru.
             Mangled by a hill giant
             ... wielding a +0 giant club
              (16 damage)
             ... on level 10 of the Dungeon.
             The game lasted 00:22:11 (9153 turns).

Zhenya25pyc the Basher (Gargoyle Fighter)           Turns: 9153, Time: 00:22:12

Health: -9/79      AC: 24    Str: 27    XL:     11   Next: 18%
Magic:  11/11      EV:  5    Int:  9    God:    Okawaru [***...]
Gold:   363        SH:  9    Dex:  9    Spells: 0 memorised, 10 levels left

rFire  . . .     SeeInvis .     z - +8 flail
rCold  + . .     Gourm    .     b - +0 plate armour
rNeg   + . .     Faith    .     m - +0 shield
rPois  ∞         Spirit   .     (no helmet)
rElec  +         Dismiss  .     k - +0 cloak
rCorr  .         Reflect  .     q - +0 pair of gloves
SustAt .         Harm     .     (no boots)
MR     .....                    (no amulet)
Stlth  ..........               J - +4 ring of strength
                                g - ring of protection from cold

@: not resistant to hostile enchantments, extremely unstealthy
A: negative energy resistance 1, robust 1, electricity resistance, unbreathing,
petrification resistance, rot immunity, MP-powered wands, AC +7
a: Heroism, Renounce Religion


You were on level 10 of the Dungeon.
You worshipped Okawaru.
Okawaru was most pleased with you.
You were not hungry.

You visited 2 branches of the dungeon, and saw 12 of its levels.

You collected 363 gold pieces.

Inventory:

Hand Weapons
 z - a +8 flail (weapon)
 S - a +0 dire flail
 U - a +0 flail of crushing
Armour
 b - a +0 plate armour (worn)
 k - a +0 cloak (worn)
 m - a +0 shield (worn)
 q - a +0 pair of gloves (worn)
Jewellery
 g - a ring of protection from cold (left hand)
 J - a +4 ring of strength (right hand)
 N - an uncursed ring of resist corrosion
Wands
 e - a wand of disintegration (20/24)
 s - a wand of digging (8/24)
 x - a wand of flame (18/48)
Scrolls
 c - 2 scrolls of magic mapping
 i - a scroll of immolation
 l - 6 scrolls of remove curse
 o - a scroll of noise {unknown}
 r - 5 scrolls of identify {unknown}
 u - 2 scrolls of recharging {unknown}
 v - 3 scrolls of blinking {unknown}
 y - 4 scrolls of teleportation {unknown}
 A - a scroll of amnesia {unknown}
 B - a scroll of vulnerability {unknown}
 C - a scroll of random uselessness {unknown}
 I - 2 scrolls of fog {unknown}
 K - 2 scrolls of fear {unknown}
 R - a scroll of enchant armour {unknown}
Potions
 a - 4 potions of curing {unknown}
 d - a potion of might
 t - a potion of invisibility {unknown}
 w - a potion of agility {unknown}
 D - a potion of mutation {unknown}
 F - a potion of lignification {unknown}
 G - 2 potions of flight {unknown}
 H - 2 potions of heal wounds {unknown}
 L - 2 potions of haste {unknown}
 M - a potion of berserk rage
 O - a potion of resistance {unknown}
Books
 n - a book of Unlife

   Spells                             Type                      Level
   a - Recall                         Summoning/Translocation      3
   b - Animate Dead                   Necromancy                   4
   c - Control Undead                 Necromancy                   4
   d - Cigotuvi's Embrace             Necromancy                   5
   e - Death Channel                  Necromancy                   6
   f - Simulacrum                     Ice/Necromancy               6
 P - a book of Maledictions

   Spells                             Type                      Level
   a - Corona                         Hexes                        1
   b - Ensorcelled Hibernation        Hexes/Ice                    2
   c - Confuse                        Hexes                        3
   d - Tukima's Dance                 Hexes                        3
   e - Dazzling Spray                 Conjuration/Hexes            3
 Q - a book of Fire

   Spells                             Type                      Level
   a - Ignite Poison                  Fire/Transmutation/Poison    3
   b - Fireball                       Conjuration/Fire             5
   c - Bolt of Fire                   Conjuration/Fire             6
   d - Delayed Fireball               Conjuration/Fire             7
   e - Ring of Flames                 Charms/Fire                  7
Comestibles
 f - 10 bread rations
 h - a royal jelly
 j - 4 fruits
 p - 9 slices of pizza
 E - 3 beef jerkies


   Skills:
 + Level 9.9 Fighting
 * Level 12.0 Maces & Flails
 + Level 9.7 Armour
 - Level 3.2 Shields


You had 10 spell levels left.
You didn't know any spells.

Dungeon Overview and Level Annotations

Branches:
Dungeon (11/15)            Temple (1/1) D:5             Orc (0/2) D:10
   Lair: D:8-11

Altars:
Ashenzari
Cheibriados
Dithmenos
Elyvilon
Fedhas
Gozag
Kikubaaqudgha
Makhleb
Nemelex Xobeh
Okawaru
Pakellas
Qazlal
Ru
Sif Muna
Trog
Vehumet
Xom
Yredelemnul
Zin
The Shining One

Shops:
D:6 (   D:7 [

Annotations:
D:11 Chiseanne's ghost, journeyman TrGl; Xenophilius's ghost, journeyman TrMo; Yehuk's ghost, journeyman DsGl


Innate Abilities, Weirdness & Mutations

You are resistant to torment.
Your stone body is resilient (AC +7).
You are immune to poison.
You resist negative energy.
You are resistant to electric shocks.
You can survive without breathing.
You are immune to petrification.
You are immune to rotting.
You are robust (+10% HP).
You expend magic power (3 MP) to strengthen your wands.


Message History

Where to? (Enter - D:10 @ (x,y), ? - help)
You climb downwards.
Level annotation: Chiseanne's ghost, journeyman TrGl; Xenophilius's ghost, journeyman TrMo; Yehuk's ghost, journeyman DsGl Chiseanne's ghost turns its malevolent gaze towards you.
The hill giant hits you with a giant club!
Xenophilius's ghost hits you!
The river rat bites you but does no damage.
There is a stone staircase leading up here.
Xenophilius's ghost hits you!!
* * * LOW HITPOINT WARNING * * *
The hill giant hits you with a giant club!
* * * LOW HITPOINT WARNING * * *
The river rat bites you but does no damage.
You climb upwards.
There is a stone staircase leading down here.
The river rat bites you but does no damage.
The river rat bites you but does no damage.
The river rat barely misses you.
The hill giant hits you with a giant club!
You die...

#...##..# #..#......# #.......
#...##..# #..#...##.# #.......
#>..##..####..#...##.#####.......
#...##........#...##.............
#.............#..[##.#####.......
#...........<.#...##.# #.......
(...#...###...#...##.# #.......
##()#...# #...#...##.# #.......
#.(#...# #...#.@.##.# #.......
#..#...# #...#.Cr##.# #.......
#.(#...# #...#...##.# #.......
#)<#...# #.......##.# #....>..
#)[#...# #......>##.# #.......
#..#...# #..###.....# #.......
#..#...# #..# #.....# #.......
##..#...###..# #.##..# #.......
.............# #.##..# #.......


You could see a hill giant and a river rat.

Vanquished Creatures
  The ghost of Zhenya25pyc the Cudgeler, a novice GrFi of Okawaru (D:5)
  The ghost of graki42 the Sneak, a novice HaAs (D:6)
  2 trolls (D:9)
  Prince Ribbit (D:8)
  Sigmund (D:6)
  A yak (D:7)
  A human (D:7)
  Grum (D:10)
  2 hungry ghosts
  Menkaure (D:6)
  2 water moccasins (D:10)
  2 orc warriors
  5 ice beasts
  2 necrophages
  A sky beast (D:8)
  3 black bears
  2 phantoms
  3 wolves (D:10)
  An ogre (D:5)
  4 centaurs
  2 big kobolds
  A giant frog (D:4)
  A gnoll sergeant (D:9)
  A wyvern skeleton (D:8)
  A scorpion (D:9)
  The ghost of PeterLawrence the Shield-Bearer, a weakling MiFi (D:3)
  13 killer bees
  2 jellies (D:5)
  5 wights (D:6)
  2 vampire bats (D:4)
  5 crimson imps
  2 hounds
  2 centaur zombies
  7 orc priests
  2 centaur skeletons
  5 giant frog skeletons
  3 iguanas
  13 orc wizards
  4 worker ants
  Terence (D:2)
  3 sheep (D:7)
  A howler monkey skeleton (D:9)
  6 gnolls (D:9)
  7 adders
  2 shadow imps
  An adder zombie (D:8)
  3 adder skeletons
  A worm (D:2)
  A dart slug (D:1)
  3 giant geckos
  48 orcs
  7 bats
  3 bat skeletons (D:4)
  3 bat zombies (D:4)
  10 giant cockroaches
  5 goblins
  3 hobgoblins
  7 jackals
  5 quokkas
  3 giant newts
  16 kobolds
  A quokka zombie (D:5)
  8 rats
257 creatures vanquished.

Vanquished Creatures (others)
  13 fungi (D:11)
  9 plants (D:11)
22 creatures vanquished.

Grand Total: 279 creatures vanquished

Notes
Turn   | Place    | Note
--------------------------------------------------------------
     0 | D:1      | Zhenya25pyc the Gargoyle Fighter began the quest for the Orb.
     0 | D:1      | Reached XP level 1. HP: 14/14 MP: 1/1
   221 | D:1      | Reached XP level 2. HP: 19/19 MP: 2/2
   542 | D:1      | Reached XP level 3. HP: 23/23 MP: 3/3
   959 | D:2      | Noticed Terence
   968 | D:2      | Killed Terence
   968 | D:2      | Reached skill level 3 in Maces & Flails
  1224 | D:2      | Reached XP level 4. HP: 29/29 MP: 4/4
  1676 | D:3      | Noticed PeterLawrence's ghost (weakling MiFi)
  1687 | D:3      | Killed PeterLawrence's ghost
  1687 | D:3      | Reached XP level 5. HP: 20/34 MP: 5/5
  2410 | D:4      | Reached skill level 4 in Maces & Flails
  2546 | D:4      | Reached XP level 6. HP: 39/39 MP: 6/6
  2825 | D:4      | Reached skill level 5 in Fighting
  2979 | D:4      | Found an ancient bone altar of Kikubaaqudgha.
  2989 | D:4      | Reached skill level 5 in Maces & Flails
  3103 | D:4      | Reached XP level 7. HP: 41/44 MP: 7/7
  3121 | D:4      | Reached skill level 5 in Armour
  3160 | D:5      | Entered Level 5 of the Dungeon
  3225 | D:5      | Found an opulent altar of Gozag.
  3269 | D:5      | Noticed Zhenya25pyc's ghost (novice GrFi)
  3286 | D:5      | HP: 2/44 [Zhenya25pyc's ghost (6)]
  3295 | D:5      | Killed Zhenya25pyc's ghost
  3295 | D:5      | Reached skill level 6 in Maces & Flails
  3461 | D:5      | Reached XP level 8. HP: 17/51 MP: 8/8
  3895 | D:5      | Reached skill level 7 in Maces & Flails
  4144 | D:5      | Found a staircase to the Ecumenical Temple.
  4150 | Temple   | Entered the Ecumenical Temple
  4785 | D:6      | Found Faranoi's Antique Weapon Emporium.
  4956 | D:6      | Reached skill level 8 in Maces & Flails
  4962 | D:6      | Reached XP level 9. HP: 49/57 MP: 9/9
  4980 | D:6      | Noticed Menkaure
  4983 | D:6      | Noticed graki42's ghost (novice HaAs)
  4984 | D:6      | Killed Menkaure
  5004 | D:6      | Killed graki42's ghost
  5022 | D:6      | Noticed Sigmund
  5031 | D:6      | Killed Sigmund
  5293 | D:7      | Reached skill level 9 in Maces & Flails
  5493 | D:7      | Found Dasysan's Antique Armour Shop.
  5657 | D:8      | Found a shimmering altar of Xom.
  5714 | D:8      | Found a shadowy altar of Dithmenos.
  5816 | D:8      | Noticed Prince Ribbit
  5830 | D:8      | Killed Prince Ribbit
  5915 | D:8      | Gained mutation: You are clumsy. (Dex -2) [mutagenic meat]
  5916 | D:8      | Lost mutation: You are clumsy. (Dex -2) [mutagenic meat]
  5917 | D:8      | Gained mutation: You are robust (+10% HP). [mutagenic meat]
  5918 | D:8      | Gained mutation: You expend magic power (3 MP) to strengthen your wands. [mutagenic meat]
  6044 | D:8      | Reached skill level 10 in Maces & Flails
  6044 | D:8      | Reached XP level 10. HP: 71/71 MP: 10/10
  6380 | D:8      | Found an opulent altar of Gozag.
  6384 | D:8      | Found a bloodstained altar of Trog.
  6384 | D:8      | Found a radiant altar of Vehumet.
  6384 | D:8      | Found an iron altar of Okawaru.
  6384 | D:8      | Found a stormy altar of Qazlal.
  6386 | D:8      | Found a shattered altar of Ashenzari.
  6388 | D:8      | Found a sparkling altar of Nemelex Xobeh.
  6397 | D:8      | Became a worshipper of Warmaster Okawaru
  6942 | D:9      | Found a deep blue altar of Sif Muna.
  7064 | D:9      | Reached * piety under Okawaru
  7456 | D:9      | Reached skill level 11 in Maces & Flails
  7570 | D:10     | Entered Level 10 of the Dungeon
  7610 | D:10     | Reached ** piety under Okawaru
  8036 | D:10     | Reached XP level 11. HP: 78/78 MP: 11/11
  8101 | D:10     | Found a staircase to the Orcish Mines.
  8228 | D:10     | Noticed Grum
  8233 | D:10     | Reached *** piety under Okawaru
  8243 | D:10     | Killed Grum
  8723 | D:10     | Reached skill level 12 in Maces & Flails
  8909 | D:11     | Noticed a hill giant
  8909 | D:11     | Noticed Xenophilius's ghost (journeyman TrMo)
  8944 | D:11     | Noticed Chiseanne's ghost (journeyman TrGl)
  8952 | D:11     | Noticed Yehuk's ghost (journeyman DsGl)
  9078 | D:11     | Found a shadowy altar of Dithmenos.
  9139 | D:11     | Noticed a hill giant
  9153 | D:10     | Mangled by a hill giant

Vault maps used:
D:1:      elethiomel_arrival_shortcut
D:2:      roderic_lattice_a, uniq_terence
D:3:      first_bread
D:4:      kennysheep_vampire_church
D:5:      temple_statues, basic_altar, abandoned_shop
D:6:      lemuel_upstairs_altar, serial_shops,
          nicolae_shop_competitors_out_of_business, uniq_sigmund, uniq_menkaure
D:7:      serial_shops, nicolae_shop_waterfront, grunt_livestock
D:8:      lemuel_round_altar, minitemple, serial_bayou_pond_c, lightli_minifort,
          uniq_prince_ribbit1
D:9:      kennysheep_little_box
D:10:     hiddenorc2_lemuel, uniq_grum
D:11:     due_lair_maze_entry_diamond, nicolae_dithmenos_the_darkroom
Temple:   nicolae_temple_no_exploring_needed

Skill      XL: |  1  2  3  4  5  6  7  8  9 10 11 |
---------------+----------------------------------+-----
Maces & Flails | 3 4 5 6 8 10 11 12 | 12.0
Fighting       | 4 5 7 8 9 |  9.9
Armour         | 4 5 6 8 9 |  9.7
Shields        | |  3.2

Action                   |  1- 3 |  4- 6 |  7- 9 | 10-12 || total
-------------------------+-------+-------+-------+-------++-------
Melee: Flail             |   112 |       |   219 |   462 ||   793
       Morningstar       |    44 |   180 |    78 |       ||   302
Evoke: Wand              |       |       |       |     2 ||     2
  Use: Scroll            |       |       |       |     7 ||     7
  Eat: Chunk             |     1 |     6 |    10 |     9 ||    26
       Meat ration       |       |       |     1 |     1 ||     2
       Beef jerky        |       |       |       |     1 ||     1
Armor: Scale mail        |    74 |       |       |       ||    74
       Chain mail        |    39 |   139 |    58 |       ||   236
       Plate armour      |       |       |    99 |   345 ||   444
Dodge: Dodged            |    51 |    53 |    50 |   113 ||   267
Block: Shield            |    95 |   124 |   124 |   227 ||   570
